 Dungeon Crawl Stone Soup version 0.21.1-1-g345015fe64 (webtiles) character file.

938 Kohma the Ruffian (level 7, -4/72 HPs)
             Began as a Troll Berserker on June 16, 2018.
             Was a Priest of Trog.
             Slain by a two-headed ogre
             ... wielding a +0 giant spiked club
              (14 damage)
             ... on level 5 of the Dungeon.
             The game lasted 00:12:57 (3973 turns).

Kohma the Ruffian (Troll Berserker)                 Turns: 3973, Time: 00:12:58

Health: -4/72      AC:  6    Str: 26    XL:     7   Next: 87%
Magic:  6/6        EV: 11    Int:  3    God:    Trog [***...]
Gold:   320        SH:  0    Dex: 11    Spells: 6/6 levels left

rFire    . . .     SeeInvis .     - Unarmed
rCold    . . .     Gourm    +   (no shield)
rNeg     . . .     Faith    .   a - +1 animal skin
rPois    .         Spirit   .   (helmet restricted)
rElec    .         Reflect  .   (no cloak)
rCorr    +         Harm     .   (gloves unavailable)
MR       ++...                  (boots unavailable)
Stlth    +.........             (no amulet)
HPRegen  1.62/turn              y - ring of resist corrosion
MPRegen  0.10/turn              (no ring)

@: berserk cooldown, regenerating, slowed, very slow
A: large, unfitting armour, claws 3, fast metabolism 3, gourmand, regeneration
1, shaggy fur 1, tough skin 2
a: Berserk, Trog's Hand, Burn Spellbooks, Renounce Religion


You were on level 5 of the Dungeon.
You worshipped Trog.
Trog was most pleased with you.
You were full.

You visited 1 branch of the dungeon, and saw 5 of its levels.

You collected 320 gold pieces.

Inventory:

Hand Weapons
 f - a +1 whip of flaming
 g - a +2 antimagic war axe
 r - a +1 blowgun
Missiles
 o - 3 javelins (quivered)
 v - 13 poisoned needles
Armour
 a - a +1 animal skin (worn)
 n - a +2 robe of cold resistance
 w - a +0 robe
Jewellery
 y - a ring of resist corrosion (left claw)
Wands
 t - a wand of acid (5)
Scrolls
 i - a scroll of enchant armour
 j - a scroll of amnesia
 l - a scroll of teleportation
 m - 3 scrolls of remove curse
 u - 4 scrolls of identify
 x - 2 scrolls of blinking
Potions
 c - 3 potions of flight
 d - a potion of brilliance {unknown}
 e - a potion of agility
 h - 3 potions of haste
 k - a potion of lignification {unknown}
 p - a potion of degeneration {unknown}
 q - a potion of ambrosia {unknown}
 s - 3 potions of curing {unknown}
 z - a potion of berserk rage {unknown}
Comestibles
 b - 6 rations


   Skills:
 * Level 5.0 Fighting
 + Level 2.7 Throwing
 + Level 4.0 Dodging
 * Level 6.1 Unarmed Combat


You had 6 spell levels left.
You didn't know any spells.

Dungeon Overview and Level Annotations

Branches:
Dungeon (5/15)
 Temple: D:4-7

Altars:
Ashenzari
Hepliaklqana
Nemelex Xobeh
Uskayaw
Xom
Zin


Innate Abilities, Weirdness & Mutations

You are too large for most types of armour.
You have claws for hands.
Your metabolism is lightning-fast.
You like to eat raw meat.
Your natural rate of healing is unusually fast.
You are covered in fur. (AC +1)
You have very tough skin. (AC +2)


Message History

You are too berserk!
You feel a strong urge to attack something.
You feel your anger nearly subside.
You are no longer berserk.
You are exhausted.
You feel yourself slow down.
There is a stone staircase leading down here.
Your skin crawls.
You feel resistant to hostile enchantments.
You feel somewhat less full.
The two-headed ogre hits you with a giant spiked club!
* * * LOW HITPOINT WARNING * * *
The two-headed ogre misses you.
You open the door.
The two-headed ogre hits you with a giant spiked club.
* * * LOW HITPOINT WARNING * * *
The two-headed ogre misses you. The two-headed ogre barely misses you.
The two-headed ogre hits you with a giant spiked club!
You die...

#>##.#.# ##.## #.##.#.# #.#
#.##.#.# #.# # #.##.#.# ##'## #
#.##.#.# ##...## # #......#
##.....## # ####..## ##.......##
##########...####.........####...
................@O.>......'......
##########...####.........####...
#.#.## ##.......## #.###.#
##.....## ## ## ##...## ##+##


You could see a two-headed ogre.

Vanquished Creatures
  Sigmund (D:4)
  Menkaure (D:5)
  An ogre (D:4)
  A centaur (D:3)
  Blork the orc (D:4)
  A scorpion (D:4)
  A crimson imp (D:3)
  2 hounds
  2 orc wizards (D:4)
  Jessica (D:2)
  An iguana (D:4)
  A hound skeleton (D:4)
  3 gnolls (D:3)
  2 adders
  An ooze (D:1)
  3 adder skeletons (D:4)
  A worm (D:3)
  3 dart slugs
  4 leopard geckos
  7 orcs (D:4)
  2 ball pythons
  3 giant cockroaches
  10 goblins
  9 hobgoblins
  7 jackals
  8 kobolds
  2 quokkas
  12 bats
  3 frilled lizards
  3 rats
97 creatures vanquished.

Notes
Turn   | Place    | Note
-------+----------+-------------------------------------------
     0 | D:1      | Kohma the Troll Berserker began the quest for the Orb.
     0 | D:1      | Reached XP level 1. HP: 22/22 MP: 0/0
   111 | D:1      | Reached XP level 2. HP: 25/29 MP: 1/1
   327 | D:1      | Reached ** piety under Trog
   327 | D:1      | Reached XP level 3. HP: 35/36 MP: 2/2
   884 | D:2      | Noticed Jessica
   910 | D:2      | Killed Jessica
   910 | D:2      | Reached XP level 4. HP: 32/45 MP: 3/3
  1070 | D:2      | Found a hazy altar of Hepliaklqana.
  1107 | D:2      | Reached skill level 4 in Unarmed Combat
  1710 | D:3      | Found a shattered altar of Ashenzari.
  1803 | D:3      | Found a hide-covered altar of Uskayaw.
  1835 | D:3      | Reached skill level 1 in Throwing
  1835 | D:3      | Reached XP level 5. HP: 52/53 MP: 4/4
  2013 | D:3      | Found a shimmering altar of Xom.
  2057 | D:3      | Noticed a centaur
  2059 | D:3      | Killed a centaur
  2390 | D:4      | Reached XP level 6. HP: 59/62 MP: 5/5
  2487 | D:4      | Noticed Blork the orc
  2498 | D:4      | Killed Blork the orc
  2570 | D:4      | Reached skill level 5 in Unarmed Combat
  2585 | D:4      | Found a glowing silver altar of Zin.
  2738 | D:4      | Found a sparkling altar of Nemelex Xobeh.
  2835 | D:4      | Reached *** piety under Trog
  2882 | D:4      | Reached XP level 7. HP: 69/71 MP: 6/6
  2967 | D:4      | Noticed Sigmund
  2991 | D:4      | Killed Sigmund
  3602 | D:5      | Entered Level 5 of the Dungeon
  3719 | D:5      | Noticed Menkaure
  3729 | D:5      | Killed Menkaure
  3729 | D:5      | Reached skill level 6 in Unarmed Combat
  3822 | D:5      | Reached skill level 5 in Fighting
  3952 | D:5      | Noticed a two-headed ogre
  3973 | D:5      | Slain by a two-headed ogre

Skill      XL: |  1  2  3  4  5  6  7 |
---------------+----------------------+-----
Fighting       | 3 4 5 |  5.0
Unarmed Combat | 4 5 6 |  6.1
Throwing       | 1 2 |  2.7
Dodging        | 3 4 |  4.0

Action                   |  1- 3 |  4- 6 |  7- 9 || total
-------------------------+-------+-------+-------++-------
Melee: Unarmed           |    79 |   136 |    56 ||   271
       Punch             |       |     1 |     3 ||     4
Throw: Javelin           |       |     1 |       ||     1
Invok: Burn Spellbooks   |       |       |     1 ||     1
       Berserk           |       |       |     1 ||     1
       Trog's Hand       |       |       |     1 ||     1
  Use: Scroll            |       |     9 |     2 ||    11
 Stab: Sleeping          |       |     1 |     2 ||     3
  Eat: Chunk             |    13 |    19 |     7 ||    39
Armor: Animal skin       |    35 |    66 |     5 ||   106
Dodge: Dodged            |    47 |   106 |    29 ||   182
